 Dungeon Sprint DCSS version 0.17-a0-1651-gae1a69f (webtiles) character file.

45864 Kidiri the Imperceptible (level 13, -14/55 HPs)
             Began as a Spriggan Enchanter on Aug 14, 2015.
             Was the Champion of Dithmenos.
             Demolished by a battleaxe of electrocution (19 damage)
             ... in the Dungeon (Sprint III: "The Ten Rune Challenge").
             The game lasted 00:20:22 (5028 turns).

Kidiri the Imperceptible (Spriggan Enchanter)       Turns: 5028, Time: 00:20:23

Health: -14/55     AC: 12    Str:  4    XL:     13   Next: 33%
Magic:  26/48      EV: 36    Int: 24    God:    Dithmenos [******]
Gold:   67         SH:  0    Dex: 19    Spells: 8 memorised, 19 levels left

rFire  . . .     SeeInvis +     a - +1 dagger
rCold  + . .     Rnd*Rage +     f - +2 robe {rN+}
rNeg   + . .     SustAt   .     (shield restricted)
rPois  .         Gourm    .     o - +3 hat of Pondering {ponderous, MR+ MP+10 Int+5}
rElec  .         Spirit   .     l - +0 cloak
rCorr  .         Warding  .     (gloves unavailable)
rMut   .         NoTele   +     (boots unavailable)
MR     +++..                    (no amulet)
Stlth  ++++++++++               (no ring)
                                (no ring)

@: wreathed by umbra, very quick, extremely resistant to hostile enchantments,
uncannily stealthy
A: unfitting armour, iridescent scales 1, see invisible, berserk 1, cold
resistance 1, herbivore 3, speed 3, high mp 1, slow metabolism 2
a: Shadow Step, Shadow Form, Renounce Religion
}: 1/10 runes: barnacled


You were in the Dungeon.
You worshipped Dithmenos.
Dithmenos was exalted by your worship.
You were not hungry.

You visited 1 branch You collected 67 gold pieces.

Inventory:

Hand weapons
 a - a +1 dagger (weapon)
Missiles
 c - 9 throwing nets (quivered)
Armour
 f - a +2 robe of positive energy (worn)
 l - a +0 cloak (worn)
 o - the +3 hat of Pondering (worn) {ponderous, MR+ MP+10 Int+5}
   (You took it off Gastronok in the Dungeon)

   It affects your intelligence (+5).
   It affects your resistance to hostile enchantments.
   It affects your magic capacity (+10).
 w - the +0 mask of the Dragon {MR+ Slay+3 SInv}
   (You found it in the Dungeon)

   It affects your accuracy and damage with ranged weapons and melee attacks
   (+3).
   It affects your resistance to hostile enchantments.
   It lets you see invisible.
Magical devices
 v - a wand of slowing (12)
Scrolls
 j - a scroll of blinking
 n - a scroll of immolation {unknown}
 p - 2 scrolls of remove curse
 s - a scroll of torment {unknown}
 t - a scroll of random uselessness {unknown}
Potions
 b - 2 potions of resistance {unknown}
 e - 4 potions of curing
 g - a potion of haste
 h - 2 potions of magic
 i - 2 potions of berserk rage
 k - 2 potions of might
 m - a potion of lignification {unknown}
 q - 2 potions of cure mutation
 r - 3 potions of flight {unknown}
Comestibles
 d - 9 fruits
 u - 27 royal jellies


   Skills:
 + Level 11.5 Short Blades
 * Level 19.9 Dodging
 * Level 21.4 Stealth
 * Level 17.0 Spellcasting
 + Level 7.8 Conjurations
 + Level 13.0 Hexes
 + Level 8.9 Ice Magic
 + Level 8.4 Air Magic
 + Level 9.2 Poison Magic
 + Level 9.7 Invocations


You had 19 spell levels left.
You knew the following spells:

 Your Spells              Type           Power        Failure   Level  Hunger
a - Corona                Hex            ######.      0%          1    None
b - Ensorcelled Hibernat  Hex/Ice        ######       1%          2    None
c - Confuse               Hex            ######..     1%          3    None
d - Tukima's Dance        Hex            ######..     1%          3    None
e - Dazzling Spray        Conj/Hex       ######..     1%          3    None
f - Mephitic Cloud        Conj/Pois/Air  ######..     1%          3    None
g - Freezing Cloud        Conj/Ice/Air   ######....   14%         6    ####...
h - Poisonous Cloud       Conj/Pois/Air  ######....   14%         6    ####...


Dungeon Overview and Level Annotations

Branches:
Dungeon (1/1)

Altars:
Cheibriados
Dithmenos
Elyvilon
Fedhas
Gozag
Kikubaaqudgha
Makhleb
Nemelex Xobeh
Okawaru
Qazlal
Ru
Sif Muna
Trog
Vehumet
Xom
Yredelemnul
Zin
The Shining One
Jiyva
Lugonu

Shops:
D }(%


Innate Abilities, Weirdness & Mutations

You are tiny and cannot use many weapons and most armour.
You have supernaturally acute eyesight.
You are a herbivore.
You cover ground extremely quickly.
You need consume almost no food.
You are partially covered in iridescent scales (AC +4).
You tend to lose your temper in combat.
Your flesh is cold resistant.
You have an increased reservoir of magic (+10% MP).


Message History

Aim: a battleaxe of electrocution (freezing vapour, lightly damaged, umbra)
The spray of energy hits the battleaxe of electrocution.
The battleaxe of electrocution is moderately damaged.
Your shadow mimicks your spell!
The shadow shard hits the battleaxe of electrocution.
The battleaxe of electrocution is engulfed in freezing vapours.
The battleaxe of electrocution barely misses you.
Casting: Dazzling Spray
Confirm with . or Enter, or press ? or * to list all spells.
Aiming: Dazzling Spray
Press: ? - help, Shift-Dir - straight line, f/p - battleaxe of electrocution
Aim: a battleaxe of electrocution (freezing vapour, heavily damaged, umbra)
The spray of energy misses the battleaxe of electrocution.
Your shadow mimicks your spell!
The shadow shard hits the battleaxe of electrocution.
The battleaxe of electrocution hits you!!
Ouch! That really hurt!
* * * LOW HITPOINT WARNING * * *
You emit a cloud of dark smoke.
You are electrocuted!
You die...

≈≈≈# §§≈# ≈≈≈# §§≈# ≈
############
#...#)..#..#
#...#...#..#
##+###+##..#
###...§§@§+..#
##.#.#####(####
########..'.#)..+§#).+
......)'..#######§+..#
)..########.....#§####
)### #.§#..#§#..# ##
#.#§#§#§+..#
#§§§§§#§#..#
#§§§§§#.#..#


You could see a battleaxe of electrocution.

Vanquished Creatures
  Rupert (D)
  Frances (D)
  Polyphemus (D)
  Gastronok (D)
  Ilsuiw (D)
  Maud (D)
  Wiglaf (D)
  2 dire elephants (D)
  A fire dragon (D)
  A merfolk javelineer (D)
  Erolcha (D)
  2 centaur warriors (D)
  3 dancing weapons (D)
  A shock serpent (shapeshifter) (D)
  4 death yaks (D)
  A death drake (D)
  A spriggan druid (D)
  A lindwurm (D)
  An ugly thing (D)
  2 black mambas (D)
  2 elephants (D)
  2 spiny frogs (D)
  A komodo dragon (D)
  A deep elf priest (D)
  A fire drake (D)
  4 spriggan defenders (D)
  A queen bee (D)
  2 orc high priests (D)
  3 wandering mushrooms (D)
  A slime creature (D)
  8 blink frogs (D)
  4 redbacks (D)
  2 trapdoor spiders (D)
  A shadow (D)
  2 spriggans (D)
  2 hill giants (D)
  A spatial vortex (D)
  A swamp drake (D)
  A necrophage (D)
  3 two-headed ogres (D)
  2 brain worms (D)
  A water elemental (D)
  32 killer bees (D)
  A jelly (D)
  Crazy Yiuf (D)
  2 orc priests (D)
  A necromancer (D)
  A wizard (D)
  A kobold demonologist (D)
  3 sheep (D)
  3 humans (D)
  2 oozes (D)
  2 rats (D)
  A giant spore (D)
  3 plants (D)
127 creatures vanquished.

Vanquished Creatures (others)
  2 draconian scorchers (D)
  2 hydras (D)
  2 yaktaurs (D)
  An electric eel (D)
  7 plants (D)
14 creatures vanquished.

Grand Total: 141 creatures vanquished

Notes
Turn   | Place    | Note
--------------------------------------------------------------
     0 | D        | Kidiri the Spriggan Enchanter began the quest for the Orb.
     0 | D        | Reached XP level 1. HP: 9/9 MP: 5/5
     9 | D        | Reached skill level 5 in Stealth
    14 | D        | Reached XP level 2. HP: 5/13 MP: 5/7
    18 | D        | Learned a level 2 spell: Ensorcelled Hibernation
    30 | D        | Killed a yaktaur
   194 | D        | Killed a white draconian scorcher
   241 | D        | Noticed Crazy Yiuf
   244 | D        | Killed Crazy Yiuf
   244 | D        | Reached skill level 5 in Dodging
   244 | D        | Reached skill level 6 in Stealth
   244 | D        | Reached skill level 1 in Ice Magic
   244 | D        | Reached XP level 3. HP: 16/16 MP: 8/10
   253 | D        | Learned a level 3 spell: Confuse
   257 | D        | Learned a level 3 spell: Tukima's Dance
   271 | D        | Killed a white draconian scorcher
   512 | D        | Reached skill level 7 in Stealth
   541 | D        | Gained mutation: You tend to lose your temper in combat. [potion of mutation]
   541 | D        | Gained mutation: You are partially covered in iridescent scales (AC +4). [potion of mutation]
   542 | D        | Gained mutation: Your flesh is cold resistant. [potion of mutation]
   542 | D        | Gained mutation: You have an increased reservoir of magic (+10% MP). [potion of mutation]
   769 | D        | Noticed a water elemental
   772 | D        | Killed a water elemental
   772 | D        | Reached skill level 8 in Stealth
   772 | D        | Reached skill level 5 in Spellcasting
   772 | D        | Reached skill level 5 in Hexes
   772 | D        | Reached XP level 4. HP: 21/21 MP: 12/14
   777 | D        | Learned a level 3 spell: Dazzling Spray
   805 | D        | Noticed a jelly
   806 | D        | Noticed a shadow
   808 | D        | Killed a shadow
   808 | D        | Reached skill level 10 in Stealth
   808 | D        | Reached skill level 1 in Conjurations
   808 | D        | Reached XP level 5. HP: 24/24 MP: 15/17
   808 | D        | Reached XP level 6. HP: 28/28 MP: 16/19
   812 | D        | Killed a jelly
   817 | D        | Found a stormy altar of Qazlal.
   818 | D        | Found a sacrificial altar of Ru.
   818 | D        | Found a burning altar of Makhleb.
   818 | D        | Found a viscous altar of Jiyva.
   818 | D        | Found a shimmering altar of Xom.
   818 | D        | Found a shadowy altar of Dithmenos.
   818 | D        | Found a sparkling altar of Nemelex Xobeh.
   818 | D        | Found a corrupted altar of Lugonu.
   818 | D        | Found an opulent altar of Gozag.
   818 | D        | Noticed a spatial vortex
   822 | D        | Became a worshipper of Dithmenos the Shadowed
   823 | D        | Killed a spatial vortex
   823 | D        | Reached skill level 11 in Stealth
   823 | D        | Reached skill level 1 in Invocations
   854 | D        | Found a radiant altar of Vehumet.
   855 | D        | Noticed a wizard
   860 | D        | Killed a wizard
   860 | D        | Reached skill level 5 in Short Blades
   861 | D        | Noticed a neqoxec
   863 | D        | Found a deep blue altar of Sif Muna.
   863 | D        | Found an ancient bone altar of Kikubaaqudgha.
   886 | D        | Learned a level 3 spell: Mephitic Cloud
   893 | D        | Learned a level 6 spell: Freezing Cloud
   903 | D        | Found a glowing silver altar of Zin.
   904 | D        | Found a glowing golden altar of the Shining One.
   904 | D        | Found a white marble altar of Elyvilon.
   904 | D        | Noticed a deep elf priest
   906 | D        | Killed a deep elf priest
   906 | D        | Reached skill level 10 in Dodging
   906 | D        | Reached XP level 7. HP: 32/32 MP: 22/22
   918 | D        | Found an iron altar of Okawaru.
   919 | D        | Found a bloodstained altar of Trog.
   919 | D        | Noticed a human
   919 | D        | Noticed a human
   921 | D        | Killed a human
   921 | D        | Reached skill level 12 in Stealth
   922 | D        | Killed a human
   940 | D        | Found a snail-covered altar of Cheibriados.
   940 | D        | Noticed a necrophage
   941 | D        | Found a basalt altar of Yredelemnul.
   941 | D        | Found a blossoming altar of Fedhas.
   941 | D        | Noticed a necromancer
   942 | D        | Killed a necrophage
   942 | D        | Acquired Dithmenos's first power
   942 | D        | Reached XP level 8. HP: 36/36 MP: 24/24
   943 | D        | Killed a necromancer
   965 | D        | Noticed a two-headed ogre
   965 | D        | Noticed a two-headed ogre
   969 | D        | Noticed a two-headed ogre
   983 | D        | Killed a two-headed ogre
   990 | D        | Killed a two-headed ogre
   990 | D        | Reached skill level 1 in Poison Magic
   994 | D        | Killed a two-headed ogre
   994 | D        | Reached skill level 13 in Stealth
   994 | D        | Reached skill level 10 in Spellcasting
  1057 | D        | Learned a level 6 spell: Poisonous Cloud
  1122 | D        | Noticed a hill giant
  1125 | D        | Killed a hill giant
  1125 | D        | Acquired Dithmenos's second power
  1125 | D        | Reached skill level 1 in Air Magic
  1131 | D        | Noticed a hill giant
  1131 | D        | Noticed Erolcha
  1133 | D        | Killed Erolcha
  1133 | D        | Reached skill level 14 in Stealth
  1133 | D        | Reached skill level 5 in Ice Magic
  1133 | D        | Reached XP level 9. HP: 39/39 MP: 25/27
  1134 | D        | Killed a hill giant
  1147 | D        | Noticed a redback
  1149 | D        | Killed a redback
  1156 | D        | Noticed a trapdoor spider
  1159 | D        | Killed a trapdoor spider
  1475 | D        | Noticed a trapdoor spider
  1478 | D        | Killed a trapdoor spider
  1478 | D        | Acquired Dithmenos's third power
  1605 | D        | Noticed a killer bee
  1605 | D        | Noticed a killer bee
  1605 | D        | Noticed a killer bee
  1605 | D        | Noticed a killer bee
  1605 | D        | Noticed a killer bee
  1605 | D        | Noticed a killer bee
  1605 | D        | Noticed a killer bee
  1605 | D        | Noticed a killer bee
  1605 | D        | Noticed a killer bee
  1605 | D        | Noticed a killer bee
  1605 | D        | Noticed a killer bee
  1605 | D        | Noticed a killer bee
  1605 | D        | Noticed a killer bee
  1605 | D        | Noticed a killer bee
  1605 | D        | Noticed a killer bee
  1606 | D        | Noticed a killer bee
  1606 | D        | Noticed a killer bee
  1606 | D        | Noticed a killer bee
  1606 | D        | Noticed a killer bee
  1606 | D        | Noticed a killer bee
  1606 | D        | Noticed a killer bee
  1606 | D        | Noticed a queen bee
  1606 | D        | Noticed a killer bee
  1606 | D        | Noticed a killer bee
  1606 | D        | Noticed a killer bee
  1606 | D        | Noticed a killer bee
  1606 | D        | Noticed a killer bee
  1606 | D        | Noticed a killer bee
  1606 | D        | Noticed a killer bee
  1606 | D        | Noticed a killer bee
  1606 | D        | Noticed a killer bee
  1606 | D        | Noticed a killer bee
  1606 | D        | Noticed a killer bee
  1607 | D        | Killed a killer bee
  1608 | D        | Killed a killer bee
  1610 | D        | Killed a killer bee
  1616 | D        | Killed a killer bee
  1637 | D        | Killed a killer bee
  1637 | D        | Acquired Dithmenos's fourth power
  1646 | D        | Killed a killer bee
  1648 | D        | Killed a killer bee
  1650 | D        | Killed a killer bee
  1650 | D        | Reached skill level 5 in Invocations
  1652 | D        | Killed a killer bee
  1654 | D        | Killed a killer bee
  1656 | D        | Killed a killer bee
  1658 | D        | Killed a killer bee
  1660 | D        | Killed a killer bee
  1662 | D        | Killed a killer bee
  1666 | D        | Killed a killer bee
  1668 | D        | Killed a killer bee
  1670 | D        | Killed a killer bee
  1890 | D        | Killed a killer bee
  1894 | D        | Killed a killer bee
  1894 | D        | Reached skill level 15 in Stealth
  1896 | D        | Killed a killer bee
  1898 | D        | Killed a killer bee
  1900 | D        | Killed a killer bee
  1904 | D        | Killed a killer bee
  1906 | D        | Killed a killer bee
  1908 | D        | Killed a killer bee
  1910 | D        | Killed a killer bee
  1912 | D        | Killed a killer bee
  1912 | D        | Reached XP level 10. HP: 44/44 MP: 9/29
  1914 | D        | Killed a killer bee
  1916 | D        | Killed a killer bee
  1920 | D        | Killed a killer bee
  1922 | D        | Killed a killer bee
  2174 | D        | Killed a killer bee
  2184 | D        | Killed a queen bee
  2320 | D        | Killed an electric eel
  2348 | D        | Noticed a wandering mushroom
  2348 | D        | Noticed a wandering mushroom
  2367 | D        | Killed a wandering mushroom
  2369 | D        | Noticed a wandering mushroom
  2373 | D        | Killed a wandering mushroom
  2375 | D        | Killed a six-headed hydra
  2375 | D        | Killed a wandering mushroom
  2443 | D        | Noticed a spiny frog
  2443 | D        | Noticed a komodo dragon
  2443 | D        | Noticed a spiny frog
  2446 | D        | Killed a komodo dragon
  2447 | D        | Killed a spiny frog
  2447 | D        | Reached skill level 16 in Stealth
  2447 | D        | Reached skill level 5 in Conjurations
  2448 | D        | Killed a spiny frog
  2448 | D        | Reached skill level 5 in Poison Magic
  2455 | D        | Noticed a redback
  2457 | D        | Killed a redback
  2457 | D        | Reached skill level 15 in Dodging
  2457 | D        | Reached skill level 10 in Hexes
  2458 | D        | Noticed a brain worm
  2462 | D        | Killed a brain worm
  2465 | D        | Noticed a brain worm
  2467 | D        | Killed a brain worm
  2472 | D        | Noticed a lindwurm
  2475 | D        | Noticed a redback
  2476 | D        | Killed a lindwurm
  2478 | D        | Killed a redback
  2483 | D        | Noticed a redback
  2484 | D        | Killed a redback
  2485 | D        | Noticed Maud
  2497 | D        | Killed Maud
  2497 | D        | Reached XP level 11. HP: 23/47 MP: 24/32
  2563 | D        | Killed a six-headed hydra
  2666 | D        | Noticed a death drake
  2669 | D        | Killed a death drake
  2669 | D        | Reached skill level 17 in Stealth
  2669 | D        | Reached skill level 5 in Air Magic
  2679 | D        | Found a blossoming altar of Fedhas.
  2679 | D        | Noticed a spriggan
  2679 | D        | Noticed a spriggan druid
  2679 | D        | Noticed a spriggan
  2681 | D        | Killed a spriggan druid
  2687 | D        | Killed a spriggan
  2695 | D        | Killed a spriggan
  2818 | D        | Noticed a swamp drake
  2818 | D        | Noticed a fire drake
  2819 | D        | Killed a fire drake
  2821 | D        | Killed a swamp drake
  2827 | D        | Noticed a blink frog
  2827 | D        | Noticed a blink frog
  2827 | D        | Noticed a blink frog
  2828 | D        | Noticed a blink frog
  2829 | D        | Noticed a blink frog
  2831 | D        | Killed a blink frog
  2836 | D        | Killed a blink frog
  2838 | D        | Killed a blink frog
  2857 | D        | Killed a blink frog
  2858 | D        | Killed a blink frog
  2946 | D        | Noticed Rupert
  2948 | D        | Killed Rupert
  2948 | D        | Reached skill level 18 in Stealth
  2972 | D        | Noticed a death yak
  2973 | D        | Noticed a death yak
  2973 | D        | Noticed a blink frog
  2973 | D        | Noticed an azure jelly
  2973 | D        | Noticed a death yak
  2973 | D        | Noticed an azure jelly
  2973 | D        | Noticed a blink frog
  2973 | D        | Noticed a death yak
  2974 | D        | Killed a death yak
  2975 | D        | Killed a death yak
  2976 | D        | Killed a blink frog
  2977 | D        | Noticed a blink frog
  3247 | D        | Noticed a black mamba
  3247 | D        | Noticed a black mamba
  3250 | D        | Killed a black mamba
  3252 | D        | Killed a black mamba
  3266 | D        | Killed a death yak
  3271 | D        | Killed a death yak
  3271 | D        | Reached skill level 10 in Short Blades
  3271 | D        | Reached XP level 12. HP: 51/51 MP: 6/34
  3293 | D        | Killed a blink frog
  3313 | D        | Killed a blink frog
  3313 | D        | Reached skill level 19 in Stealth
  3470 | D        | Noticed Polyphemus
  3472 | D        | Noticed Ilsuiw
  3477 | D        | HP: 2/51 [Polyphemus/large rock (49)]
  3829 | D        | Noticed a sea snake
  3829 | D        | Found Rukoh's Gadget Shoppe.
  3830 | D        | Killed Polyphemus
  3830 | D        | Reached skill level 15 in Spellcasting
  3832 | D        | Killed Ilsuiw
  3848 | D        | Found Ykiepirr's Antique Weapon Boutique.
  3848 | D        | Found Migegen's Food Emporium.
  3848 | D        | Noticed a merfolk javelineer
  3850 | D        | Killed a merfolk javelineer
  3870 | D        | Got a barnacled rune of Zot
  3941 | D        | Killed a yaktaur
  4070 | D        | Noticed an azure jelly
  4070 | D        | Noticed an azure jelly
  4071 | D        | Noticed an elephant
  4071 | D        | Noticed an elephant
  4071 | D        | Noticed a dire elephant
  4071 | D        | Noticed a dire elephant
  4071 | D        | Noticed Gastronok
  4073 | D        | Killed Gastronok
  4074 | D        | Killed a dire elephant
  4074 | D        | Reached skill level 20 in Stealth
  4084 | D        | Killed an elephant
  4087 | D        | Killed an elephant
  4091 | D        | Killed a dire elephant
  4302 | D        | Noticed Wiglaf
  4302 | D        | Noticed Frances
  4304 | D        | Killed Wiglaf
  4305 | D        | Killed Frances
  4322 | D        | Noticed an orc priest
  4322 | D        | Noticed an orc high priest
  4323 | D        | Noticed an orc priest
  4323 | D        | Noticed an orc high priest
  4324 | D        | Killed an orc priest
  4325 | D        | Killed an orc high priest
  4325 | D        | Reached XP level 13. HP: 55/55 MP: 37/37
  4327 | D        | Killed an orc priest
  4328 | D        | Killed an orc high priest
  4374 | D        | Noticed a spriggan defender
  4375 | D        | Noticed a spriggan defender
  4375 | D        | Noticed a spriggan defender
  4375 | D        | Noticed a spriggan defender
  4377 | D        | Killed a spriggan defender
  4378 | D        | Killed a spriggan defender
  4380 | D        | Killed a spriggan defender
  4381 | D        | Killed a spriggan defender
  4490 | D        | Noticed a red ugly thing
  4490 | D        | Noticed a slime creature
  4493 | D        | Killed a slime creature
  4495 | D        | Killed a red ugly thing
  4502 | D        | Reached skill level 21 in Stealth
  4703 | D        | Noticed a centaur warrior
  4706 | D        | Killed a centaur warrior
  4716 | D        | Noticed a fire dragon
  4719 | D        | Killed a fire dragon
  4729 | D        | Noticed a centaur warrior
  4733 | D        | Killed a centaur warrior
  4761 | D        | Noticed a battleaxe of electrocution
  4761 | D        | Noticed a short sword of venom
  4762 | D        | Noticed a battleaxe of flaming
  4763 | D        | Noticed a short sword of speed
  4764 | D        | Killed a short sword of venom
  4790 | D        | Killed a short sword of speed
  5005 | D        | Killed a battleaxe of flaming
  5028 | D        | Demolished by a battleaxe of electrocution

Vault maps used:
D:        dungeon_sprint_mu

Action                   |  1- 3 |  4- 6 |  7- 9 | 10-12 | 13-15 || total
-------------------------+-------+-------+-------+-------+-------++-------
Melee: Dagger            |    19 |    10 |    84 |   193 |    91 ||   397
 Cast: Ensorcelled Hiber |     9 |     1 |    35 |    22 |     3 ||    70
       Corona            |     2 |       |       |       |       ||     2
       Confuse           |       |     1 |       |    11 |       ||    12
       Mephitic Cloud    |       |       |     1 |       |       ||     1
       Dazzling Spray    |       |       |       |    23 |     8 ||    31
       Tukima's Dance    |       |       |       |     1 |       ||     1
       Freezing Cloud    |       |       |       |       |     1 ||     1
Invok: Shadow Step       |       |       |       |    11 |     3 ||    14
  Use: Potion            |     2 |       |       |     1 |     1 ||     4
       Scroll            |     2 |       |       |       |       ||     2
 Stab: Sleeping          |     5 |     5 |    36 |    38 |    14 ||    98
       Confused          |       |     1 |     1 |     3 |       ||     5
       Held in net/web   |       |       |     1 |       |       ||     1
       Invisible         |       |       |       |     6 |       ||     6
  Eat: Bread ration      |       |       |       |     1 |       ||     1
